 Dungeon Crawl Stone Soup version 0.32-a0-814-g0968bab981 (webtiles) character file.

Game seed: 3198107745500740698

70 BigDaddyOpFi the Sneak (level 4, 0/4 HPs)
             Began as an Octopode Earth Elementalist on Mar 22, 2024.
             Shot with a sling bullet by a goblin (4 damage)
             ... on level 3 of the Dungeon.
             The game lasted 00:03:26 (2574 turns).

BigDaddyOpFi the Sneak (OpEE)                       Turns: 2574, Time: 00:03:26

Health: 0/4        AC:  1    Str: 17    XL:     4   Next: 22%
Magic:  4/7        EV:  7    Int: 19    God:
Gold:   117        SH:  0    Dex: 12    Spells: 6/7 levels left

rFire   + + .        (weapon currently unavailable)
rCold   x . .        (shield currently unavailable)
rNeg    + . .        (helmet currently unavailable)
rPois   +            (no amulet)
rElec   .            d - ring of positive energy
rCorr   .            (no ring)
SInv    .            (no ring)
Will    .....        (no ring)
Stlth   ++           (no ring)
HPRegen 0.20/turn    (no ring)
MPRegen 0.10/turn    (no ring)
                     (no ring)

%: no passive effects
@: dragon-form, flying
A: dragon claw, dragon scales, breathe fire, flying, reduced hp, almost no
armour, amphibious, 8 rings, giant, (camouflage 1), (gelatinous body 1), (nimble
swimmer 1), (tentacles)
a: Breathe Fire, Begin Untransformation


You were on level 3 of the Dungeon.
You were a fearsome dragon!
You visited 1 branch of the dungeon, and saw 3 of its levels.

You collected 117 gold pieces.

Inventory:

Hand Weapons
 t - a +0 war axe
Jewellery
 d - a ring of positive energy (left foreclaw)
 u - the ring of Novied {Fly rF+++ Str-5 Dex-3 SInv}
   (You found it on level 3 of the Dungeon)

   [ring of see invisible]

   Str-5:     It affects your strength (-5).
   Dex-3:     It affects your dexterity (-3).
   rF+++:     It renders you almost immune to fire.
   SInv:      It lets you see invisible.
   Fly:       It grants you flight.
Talismans
 j - a dragon-blood talisman (active)
Wands
 r - a wand of roots (10)
Scrolls
 e - a scroll of fear {unknown}
 f - 2 scrolls of identify {unknown}
 l - a scroll of immolation {unknown}
 n - 2 scrolls of blinking {unknown}
 o - a scroll of enchant weapon {unknown}
 q - a scroll of amnesia {unknown}
 s - a scroll of poison {unknown}
 v - a scroll of noise {unknown}
Potions
 a - a potion of magic
 b - 2 potions of brilliance {unknown}
 c - a potion of curing {unknown}
 g - a potion of mutation {unknown}
 h - a potion of heal wounds {unknown}
 i - a potion of haste {unknown}
 k - 2 potions of enlightenment {unknown}
 m - a potion of berserk rage {unknown}
 p - 2 potions of lignification {unknown}


   Skills:
 - Level 2.1 Dodging
 * Level 4.0 Stealth
 + Level 2.4 Spellcasting
 + Level 1.7 Conjurations
 + Level 3.4 Earth Magic
 * Level 0.9 Shapeshifting


You had 6 spell levels left.
You knew the following spells:

 Your Spells              Type           Power      Damage    Failure   Level
a - Sandblast             Erth           30%        2d9       4%          1

Your spell library contained the following spells:

 Spells                   Type           Power      Damage    Failure   Level
 Passwall                 Erth           15%        N/A       12%         3
 Static Discharge         Conj/Air       10%        3-4/arc   17%         2
 Stone Arrow              Conj/Erth      24%        3d8       17%         3
 Frozen Ramparts          Ice            4%         1d1       43%         3
 Ozocubu's Armour         Ice            2%         N/A       43%         3
 Brom's Barrelling Bould  Conj/Erth      12%        2d4       50%         4
 Leda's Liquefaction      Alch/Erth      4%         N/A       63%         4
 Petrify                  Alch/Erth      8%         N/A       63%         4
 Airstrike                Air            1%         2d(1-17)  85%         4
 Summon Lightning Spire   Summ/Air       2%         N/A       85%         4
 Metabolic Englaciation   Hex/Ice        1%         N/A       99%         5


Dungeon Overview and Level Annotations

Branches:
Dungeon (3/15)

Altars:
Cheibriados
Qazlal


Innate Abilities, Weirdness & Mutations

You are a fearsome dragon!
You have a powerful clawing attack.
Your giant scaled body is strong and resilient, but less evasive.
You can breathe fire.
You are flying.
Your maximum health is decreased, since you lack skill for your form.
Your armour is entirely melded.
You are incapable of wielding weapons or throwing items.
You cannot wear most types of armour.
You are amphibious.
You can wear up to eight rings at the same time.
((Your skin changes colour to match your surroundings (Stealth+).))
((Your rubbery body absorbs attacks. (AC +1, EV +1)))
((You are camouflaged when in or above water. (Stealth+)))
((You have tentacles for arms and can constrict up to eight enemies at once.))


Message History

Aiming: Sandblast (safe; 4% risk of failure)
Press: ? - help, Shift-Dir - straight line, f - goblin
Aim: a goblin, wielding a +0 club (asleep, 100% to hit)
The blast of sand hits the goblin!
You kill the goblin!
A goblin comes into view. It is wielding a +0 club.
Unknown command.
Casting: Sandblast (safe; 4% risk of failure)
Confirm with . or Enter, or press ? or * to list all spells.
Aiming: Sandblast (safe; 4% risk of failure)
Press: ? - help, Shift-Dir - straight line, f - goblin
Aim: a goblin, wielding a +0 club (wandering, hasn't noticed you, 77% to hit)
The blast of sand hits the goblin!
You kill the goblin!
Unknown command.
A goblin comes into view. It is wielding a +0 club.
You see here a +0 dagger.
Warning The blast of sand hits the goblin!
You kill the goblin!
You can't see any susceptible monsters within range! (Use Z to cast anyway.)
A goblin and 2 hobgoblins come into view.
Warning The blast of sand hits the hobgoblin.
The hobgoblin is almost dead.
The goblin shouts!
The blast of sand hits the hobgoblin.
You kill the hobgoblin!
The goblin shoots a sling bullet.
The sling bullet barely misses you.
Your Stealth skill increases to level 4!
You can't see any susceptible monsters within range! (Use Z to cast anyway.)
You can't see any susceptible monsters within range! (Use Z to cast anyway.) Unknown command.
The goblin shoots a sling bullet.
The sling bullet closely misses you.
The goblin shoots a sling bullet.
The sling bullet misses you.
The blast of sand hits the hobgoblin.
You kill the hobgoblin!
The goblin shoots a sling bullet.
The sling bullet hits you.
Ouch! That really hurt!
You die...

.# #.# #...#### ## ####.#. ##.##
##....#.####### #.#
#.....#.....~≈###.##
###.....#.....~≈##...#
.#####.......#.....≈≈###..###
.............#.....≈g+ #....#####
######.#######...).≈≈###........#
.......# #.)D.~.≈##.....###.#
####...# #......≈##...### #.#
#...# #.########...# #.# #...#
#)# #.##########.# #..># #.#
#............# #...## #.#
############## #....# #.#
#....### #.# #......####.#


You could see a goblin.

Vanquished Creatures
  An adder (D:3)
  A dart slug (D:1)
  2 ribbon worms (D:2)
  An orc (D:3)
  2 ball pythons
  6 bats
  2 endoplasms (D:2)
  4 giant cockroaches
  10 goblins
  6 hobgoblins
  3 quokkas
  2 frilled lizards
  3 kobolds (D:1)
  4 rats
47 creatures vanquished.

Notes
Turn   | Place    | Note
-------+----------+-------------------------------------------
     0 | D:1      | BigDaddyOpFi the Octopode Earth Elementalist began the
                  | quest for the Orb.
     0 | D:1      | Reached XP level 1. HP: 11/11 MP: 3/3
   319 | D:1      | Reached XP level 2. HP: 17/17 MP: 3/5
   354 | D:1      | Reached skill level 3 in Stealth
   951 | D:1      | Reached XP level 3. HP: 3/21 MP: 2/6
  1112 | D:2      | Found a snail-covered altar of Cheibriados.
  1296 | D:2      | Found a faded altar of an unknown god.
  2149 | D:3      | Identified the ring of Novied {Fly rF+++ Str-5 Dex-3 SInv}
  2156 | D:3      | Found a stormy altar of Qazlal.
  2304 | D:3      | Reached XP level 4. HP: 4/27 MP: 4/7
  2572 | D:3      | Reached skill level 4 in Stealth
  2574 | D:3      | Shot with a sling bullet by a goblin

Illustrated notes

Levels and vault maps discovered:
D:1:      reono_arrival_forest_river, layout_basic, kennysheep_another_room
D:2:      layout_loops_ring, basic_altar, shapermc_ecumenical_altar_totnotflames
D:3:      layout_loops_ring, mainiacjoe_overflow_alcove_4, lemuel_tele_altar,
          minmay_goblin_outpost

Skill      XL: |  1  2  3  4 |
---------------+-------------+-----
Stealth        | 3 4 |  4.0
Dodging        | |  2.1
Spellcasting   | |  2.4
Conjurations   | |  1.7
Earth Magic    | |  3.4
Shapeshifting  | |  0.9

Action                     |  1- 3 |  4- 6 || total
---------------------------+-------+-------++-------
  Melee: Unarmed           |     2 |     1 ||     3
         Constrict         |     1 |       ||     1
   Cast: Sandblast         |    55 |     8 ||    63
 Armour: Skin              |     6 |     2 ||     8
  Dodge: Dodged            |     6 |     3 ||     9
   Form: Dragon            |     1 |       ||     1

Table legend: (Time is in decaauts)
 A = Elapsed time spent in this place.
 B = Non-inter-level travel time spent in this place.
 C = Inter-level travel time spent in this place.
 D = Time resting spent in this place.
 E = Time spent auto-exploring this place.
 F = Levels seen in this place.
 G = Mean time per level.
                   A        B        C        D        E       F      G
               +--------+--------+--------+--------+--------+-----+--------+
         Total |   2604 |   2541 |     63 |      0 |   2273 |   3 |  868.0 |
       Dungeon |   2604 |   2541 |     63 |      0 |   2273 |   3 |  868.0 |
               +--------+--------+--------+--------+--------+-----+--------+

Top non-repeatable levels by time:
     D:1: 1086 daAuts
     D:2: 907 daAuts
     D:3: 610 daAuts
